 Dungeon Crawl Stone Soup version 0.20-a0-270-g8e735b6 (webtiles) character file.

46372 Ijustatesigmund the Severer (level 14, 0/130 HPs)
             Began as a Hill Orc Monk on Dec 9, 2016.
             Was a High Priest of Cheibriados.
             Slain by an orc high priest
             ... wielding a +2 antimagic battleaxe
              (8 damage)
             ... on level 2 of the Orcish Mines.
             The game lasted 01:00:04 (22283 turns).

Ijustatesigmund the Severer (Hill Orc Monk)        Turns: 22283, Time: 01:00:05

Health: 0/130      AC:  0    Str: 27    XL:     14   Next: 37%
Magic:  10/24      EV: 12    Int: 21    God:    Cheibriados [*****.]
Gold:   993        SH:  3    Dex: 28    Spells: 9/13 levels left

rFire  . . .     SeeInvis .     k - +6 war axe (protect)
rCold  . . .     Gourm    .     P - +0 chain mail
rNeg   . . .     Faith    .     (no shield)
rPois  .         Spirit   .     H - +2 helmet
rElec  .         Reflect  +     A - +0 cloak
rCorr  .         Harm     .     m - +1 pair of gloves
MR     +....                    D - +1 pair of boots
Stlth  ..........               T - +3 amulet of reflection
                                J - -2 ring of intelligence (curse)
                                C - ring of wizardry

@: corroded, protection aura, repel missiles, very slow
A: no striking features
a: Bend Time, Temporal Distortion, Slouch, Step From Time, Renounce Religion,
Convert to Beogh


You were on level 2 of the Orcish Mines.
You worshipped Cheibriados.
Cheibriados was extremely pleased with you.
You were not hungry.

You visited 4 branches of the dungeon, and saw 19 of its levels.

You collected 1629 gold pieces.
You spent 636 gold pieces at shops.

Inventory:

Hand Weapons
 f - a +3 dire flail of crushing
 k - a +6 war axe of protection (weapon)
 x - a +0 flail
Missiles
 h - 3 throwing nets (quivered)
 K - 7 steel javelins
 Q - 7 poisoned javelins
Armour
 b - a +0 plate armour
 m - a +1 pair of gloves (worn)
 A - a +0 cloak (worn)
 D - a +1 pair of boots (worn)
 H - a +2 helmet (worn)
 P - a +0 chain mail (worn)
Rods
 W - a +2 rod of clouds (9/9)
   (You found it on level 11 of the Dungeon)
Jewellery
 d - an uncursed ring of protection from cold
 j - a +4 ring of strength
 C - a ring of wizardry (left hand)
 J - a cursed -2 ring of intelligence (right hand)
 L - an uncursed ring of ice
 O - an uncursed ring of stealth
 R - an uncursed ring of positive energy
 T - a +3 amulet of reflection (around neck)
Wands
 i - a wand of heal wounds (0/9)
 v - a wand of flame (33/48)
 y - a wand of slowing (28/48)
 B - a wand of iceblast (6/15)
 I - a wand of paralysis (2/24)
 M - a wand of digging (12/24)
 U - a wand of enslavement (10/24)
 V - a wand of flame (27/48)
Scrolls
 o - a scroll of fog
 q - 7 scrolls of remove curse
 t - 2 scrolls of amnesia
 F - a scroll of immolation
Potions
 a - 3 potions of curing
 r - 2 potions of cancellation
 s - a potion of resistance
 u - 5 potions of mutation
 w - 4 potions of magic
 z - 4 potions of lignification
Books
 n - a book of Geomancy

   Spells                             Type                      Level
   a - Sandblast                      Earth                        1
   b - Passwall                       Transmutation/Earth          2
   c - Stone Arrow                    Conjuration/Earth            3
   d - Petrify                        Transmutation/Earth          4
   e - Lee's Rapid Deconstruction     Earth                        5
Comestibles
 c - 12 bread rations
 l - 9 meat rations


   Skills:
 + Level 13.7 Fighting
 + Level 17.2 Axes
 - Level 5.2 Throwing
 + Level 9.5 Armour
 - Level 4.1 Dodging
 - Level 1.5 Stealth
 - Level 5.8 Translocations
 - Level 13.6 Invocations


You had 9 spell levels left.
You knew the following spells:

 Your Spells              Type           Power        Failure   Level  Hunger
a - Blink                 Tloc           N/A          6%          2    ###....
b - Repel Missiles        Chrm/Air       #.....       65%         2    ###....


Dungeon Overview and Level Annotations

Branches:
Dungeon (12/15)            Temple (1/1) D:4            Lair (4/6) D:10
  Snake (0/4) Lair:3          Orc (2/2) D:12            Elf (0/3) Orc:2
  Swamp: Lair:2-4    Shoals: Lair:2-4

Altars:
Ashenzari
Cheibriados
Dithmenos
Elyvilon
Fedhas
Gozag
Hepliaklqana
Kikubaaqudgha
Makhleb
Nemelex Xobeh
Okawaru
Qazlal
Ru
Sif Muna
Trog
Uskayaw
Vehumet
Xom
Yredelemnul
Zin
The Shining One
Beogh

Shops:
D:6 }   D:7 %   Orc:2 ?!


Message History

You feel your power leaking away.
You barely miss the orc high priest.
The orc high priest is severely wounded.
You hit the sixfirhy but do no damage.
You hit the rust devil but do no damage.
The sixfirhy closely misses you. The sixfirhy hits you!
The sixfirhy shocks you! You block the sixfirhy's attack.
The rust devil hits you. The rust devil corrodes you!
You barely miss the orc high priest.
The orc high priest is severely wounded.
You hit the sixfirhy but do no damage. You hit the rust devil.
The sixfirhy hits you. The sixfirhy shocks you!
* * * LOW HITPOINT WARNING * * *
The sixfirhy hits you!
* * * LOW HITPOINT WARNING * * *
The sixfirhy shocks you!
* * * LOW HITPOINT WARNING * * *
The sixfirhy closely misses you.
The orc high priest hits you with an antimagic battleaxe!
You die...

.### ##..###[.[##
.#.###..###[#[#.##
..###[.###..)#...##
.###.)###...###...##
###.[###...##.##...##
##........##...##.).##
#....#...##,,#.4##...##
...#....##,,**#4o##.#.##
.#.....##,,*∩,*#@3.....##
...#..##,,,,,,∩##)#.....#
[#.....##,,*∩,##.))....##
...#....##,,**#).##)#.##
#....#...##,,#).##.).##
##........##...##...##
###[)###...##.##...##
.###..###...###...##
..###..###.))#...##


You could see an orc high priest, a rust devil, a sixfirhy and a chaos spawn.

Vanquished Creatures
  A stone giant (Orc:1)
  2 hydras
  Harold (D:12)
  The ghost of KristoblXynda the Grappler, a journeyman DrMo of Vehumet (D:11)
  Erica (Lair:1)
  The ghost of Borgoz the Grappler, a novice DrTm of Makhleb (D:9)
  3 orc high priests (Orc:2)
  2 soul eaters (Orc:2)
  A sixfirhy (Orc:2)
  2 gelid demonspawn (Orc:2)
  An unseen horror (D:12)
  Pikel (D:5)
  A lindwurm (Lair:1)
  6 hill giants
  8 orc knights
  7 orc sorcerers
  2 cyclopes
  An ugly thing (D:9)
  A rust devil (Orc:2)
  2 black mambas
  4 spiny frogs
  A rime drake (Lair:3)
  A hellwing (Orc:2)
  2 ice devils (Orc:2)
  A merfolk (D:10)
  2 trolls
  Grinder (D:3)
  The ghost of Television the Skirmisher, an amateur FoMo (D:5)
  4 two-headed ogres
  5 slime creatures (D:10)
  12 blink frogs
  5 hippogriffs
  22 yaks
  A shadow (D:11)
  3 wyverns
  3 vampire mosquitoes (D:12)
  2 basilisks
  2 hungry ghosts (D:11)
  Grum (D:8)
  3 nagas (Lair:3)
  4 wargs
  9 water moccasins
  3 porcupines
  28 orc warriors
  3 sky beasts
  An ice beast (D:9)
  A slave (D:5)
  4 phantoms
  2 necrophages (D:7)
  A black bear (Lair:2)
  13 ogres
  3 centaurs
  2 wolves (D:8)
  3 crocodiles (Lair:2)
  A big kobold (D:12)
  2 gnoll sergeants
  11 bullfrogs
  3 scorpions
  5 killer bees
  6 wights
  4 crimson imps
  2 bullfrog zombies
  2 centaur skeletons
  5 hounds
  16 orc wizards
  A bullfrog skeleton (D:12)
  22 orc priests
  Crazy Yiuf (D:6)
  A jelly (D:6)
  13 worker ants
  Jessica (D:3)
  2 iguanas
  A killer bee zombie (D:8)
  A hound zombie (D:10)
  2 worker ant zombies
  12 adders
  7 gnolls
  A shadow imp (D:9)
  2 adder skeletons (D:6)
  2 worms (D:2)
  2 dart slugs (D:2)
  7 leopard geckos
  52 orcs
  9 giant cockroaches
  4 goblins
  3 hobgoblins (D:2)
  7 jackals
  6 quokkas
  5 bats
  6 frilled lizards
  A jackal skeleton (D:4)
  A jackal zombie (D:8)
  10 kobolds
  A leopard gecko zombie (D:6)
  6 rats
  A bush (Lair:1)
  A fungus (Lair:1)
  A plant (Lair:1)
447 creatures vanquished.

Vanquished Creatures (collateral kills)
  An orc high priest (Orc:2)
1 creature vanquished.

Vanquished Creatures (others)
  A gelid demonspawn (Orc:2)
  A bullfrog (D:6)
  An iguana (D:6)
  4 fungi
  4 plants
11 creatures vanquished.

Grand Total: 459 creatures vanquished

Notes
Turn   | Place    | Note
-------+----------+-------------------------------------------
     0 | D:1      | Ijustatesigmund the Hill Orc Monk began the quest for the Orb.
     0 | D:1      | Reached XP level 1. HP: 19/19 MP: 1/1
   249 | D:1      | Reached XP level 2. HP: 21/26 MP: 2/2
   835 | D:2      | Reached skill level 5 in Axes
   975 | D:2      | Reached XP level 3. HP: 24/31 MP: 3/3
  1262 | D:2      | Found a basalt altar of Yredelemnul.
  1263 | D:2      | Found an iron altar of Okawaru.
  1263 | D:2      | Found a glowing golden altar of the Shining One.
  1263 | D:2      | Found a shadowy altar of Dithmenos.
  1267 | D:2      | Found a burning altar of Makhleb.
  1402 | D:2      | Reached skill level 6 in Axes
  1788 | D:2      | Reached XP level 4. HP: 33/39 MP: 4/4
  2079 | D:3      | Found an ancient bone altar of Kikubaaqudgha.
  2083 | D:3      | Found a radiant altar of Vehumet.
  2280 | D:3      | Found a deep blue altar of Sif Muna.
  2284 | D:3      | Identified Sif Muna's Collected Works on Enhancements
  2381 | D:3      | Noticed Jessica
  2385 | D:3      | Noticed Grinder
  2393 | D:3      | Killed Jessica
  2393 | D:3      | Reached skill level 1 in Armour
  2531 | D:4      | Reached XP level 5. HP: 45/46 MP: 5/5
  2878 | D:4      | Found a staircase to the Ecumenical Temple.
  2885 | Temple   | Entered the Ecumenical Temple
  2955 | Temple   | Became a worshipper of Cheibriados the Contemplative
  2955 | Temple   | Reached * piety under Cheibriados
  2955 | Temple   | Reached ** piety under Cheibriados
  3123 | D:4      | Learned a level 2 spell: Blink
  3156 | D:4      | Reached skill level 7 in Axes
  3161 | D:4      | Reached XP level 6. HP: 50/53 MP: 6/6
  3508 | D:5      | Entered Level 5 of the Dungeon
  3561 | D:5      | Reached skill level 5 in Fighting
  3617 | D:5      | Noticed a slave
  3619 | D:5      | Noticed a slave
  3626 | D:5      | Noticed Pikel
  3643 | D:5      | Killed a slave
  3647 | D:5      | Noticed a slave
  3648 | D:5      | Noticed a slave
  3663 | D:5      | Killed Pikel
  3663 | D:5      | Reached skill level 8 in Axes
  3663 | D:5      | Reached XP level 7. HP: 22/64 MP: 7/7
  3984 | D:5      | Reached skill level 1 in Invocations
  3984 | D:5      | Reached XP level 8. HP: 53/71 MP: 7/9
  4045 | D:5      | Noticed Television's ghost (amateur FoMo)
  4055 | D:5      | Killed Television's ghost
  4455 | D:5      | Reached skill level 9 in Axes
  4763 | D:3      | Killed Grinder
  4763 | D:3      | Reached skill level 5 in Invocations
  4792 | D:3      | Reached *** piety under Cheibriados
  5016 | D:6      | Found a radiant altar of Vehumet.
  5178 | D:6      | Reached XP level 9. HP: 80/80 MP: 13/13
  5251 | D:6      | Found Gass's Gadget Emporium.
  5604 | D:6      | Reached skill level 10 in Axes
  5740 | D:6      | Reached **** piety under Cheibriados
  5826 | D:6      | Found a runed door.
  5830 | D:6      | Noticed Crazy Yiuf
  5835 | D:6      | Killed Crazy Yiuf
  6166 | D:7      | Found Vajiden's Food Shoppe.
  6925 | D:8      | Reached skill level 11 in Axes
  7025 | D:8      | Noticed a hill giant
  7030 | D:8      | Noticed a two-headed ogre
  7033 | D:8      | Killed a hill giant
  7033 | D:8      | Reached XP level 10. HP: 58/92 MP: 16/16
  7323 | D:8      | Reached skill level 10 in Fighting
  7629 | D:8      | Noticed Grum
  7645 | D:8      | Killed Grum
  7892 | D:9      | Found a blossoming altar of Fedhas.
  7894 | D:9      | Noticed a green ugly thing
  7894 | D:9      | Noticed Borgoz's ghost (novice DrTm)
  7897 | D:9      | Noticed a cyclops
  7904 | D:9      | Reached ***** piety under Cheibriados
  7907 | D:9      | Killed a green ugly thing
  7907 | D:9      | Reached skill level 12 in Axes
  7914 | D:9      | Killed a cyclops
  7914 | D:9      | Reached skill level 10 in Invocations
  8455 | D:9      | Killed Borgoz's ghost
  8932 | D:9      | Learned a level 2 spell: Repel Missiles
  8963 | D:9      | Reached XP level 11. HP: 102/102 MP: 19/19
  8990 | D:9      | Reached skill level 1 in Translocations
  9079 | D:10     | Entered Level 10 of the Dungeon
  9501 | D:10     | Noticed a hill giant
  9510 | D:10     | Killed a hill giant
  9971 | D:10     | HP: 5/102 [titanic slime creature (78)]
 10392 | D:10     | Found a staircase to the Lair.
 10603 | D:10     | Reached skill level 1 in Throwing
 11081 | D:10     | Noticed a hill giant
 11091 | D:10     | Killed a hill giant
 11415 | D:11     | Noticed a hill giant
 11423 | D:11     | Killed a hill giant
 11605 | D:11     | Reached skill level 5 in Translocations
 11610 | D:11     | Noticed KristoblXynda's ghost (journeyman DrMo)
 11634 | D:11     | Killed KristoblXynda's ghost
 12217 | D:11     | Noticed a four-headed hydra
 12237 | D:11     | Killed a four-headed hydra
 12237 | D:11     | Reached skill level 5 in Throwing
 12237 | D:11     | Reached XP level 12. HP: 27/110 MP: 15/20
 12765 | D:12     | Found a staircase to the Orcish Mines.
 12770 | Orc:1    | Entered Level 1 of the Orcish Mines
 12880 | Orc:1    | Noticed a stone giant
 13000 | D:12     | Reached skill level 13 in Axes
 13450 | D:12     | Noticed a five-headed hydra
 13465 | D:12     | Killed a five-headed hydra
 13711 | D:12     | Noticed Harold
 13734 | D:12     | Killed Harold
 13844 | D:12     | Reached skill level 14 in Axes
 14019 | D:6      | Bought a wand of heal wounds (4/9) for 528 gold pieces
 14156 | Lair:1   | Entered Level 1 of the Lair of Beasts
 14207 | Lair:1   | Noticed Erica
 14218 | Lair:1   | Killed Erica
 15022 | Lair:1   | Reached skill level 15 in Axes
 15431 | Lair:2   | Reached XP level 13. HP: 116/116 MP: 23/23
 15483 | Lair:2   | Reached skill level 5 in Armour
 16473 | Lair:3   | Found a staircase to the Snake Pit.
 18293 | Orc:1    | Killed a stone giant
 18293 | Orc:1    | Reached skill level 16 in Axes
 18936 | Orc:1    | Found a roughly hewn altar of Beogh.
 19301 | Orc:2    | Entered Level 2 of the Orcish Mines
 19301 | Orc:2    | Found a staircase to the Elven Halls.
 20250 | Orc:2    | Found Fetemoraczo's Distillery.
 20268 | Orc:2    | Found Wizun's Magic Scroll Shoppe.
 20293 | Orc:2    | Bought a potion of heal wounds for 80 gold pieces
 20295 | Orc:2    | Bought a scroll of fog for 28 gold pieces
 20653 | Orc:2    | Reached ****** piety under Cheibriados
 20877 | Orc:2    | Reached XP level 14. HP: 88/129 MP: 24/24
 21824 | Orc:2    | Reached skill level 17 in Axes
 22283 | Orc:2    | Slain by an orc high priest

Vault maps used:
D:1:      lemuel_arrival_broad_hall
D:2:      minitemple, nrook_mini_vaults, minmay_door_square
D:3:      grunt_temple_overflow_magic_moments, uniq_grinder, uniq_jessica
D:4:      first_bread
D:5:      uniq_pikel
D:6:      serial_shops, nicolae_shop_temple_entry_statues_fountains,
          vehumet_altar_wand_db, uniq_crazy_yiuf_cottage
D:7:      serial_shops, nicolae_shop_trees, serial_glass, glass_columns_a,
          glass_columns_b
D:8:      uniq_grum
D:9:      fedhas_altar_2
D:10:     erik_lair_orcish_takeover, hangedman_fish_farm
D:12:     orc_0_dummy, lemuel_centaur_altar, uniq_harold, uniq_sonja,
          uniq_maurice
Temple:   nicolae_temple_god_jail
Lair:1:   serial_bayou_shore_b, uniq_erica
Lair:3:   minmay_snake_entry_guardpost_medium
Lair:4:   elwin_shoals_entry_stream, uniq_rupert
Orc:1:    basic_altar, mines4_lemuel
Orc:2:    pf_orc_diabolical

Skill      XL: |  1  2  3  4  5  6  7  8  9 10 11 12 13 14 |
---------------+-------------------------------------------+-----
Axes           | 5 6 7 8 9 11 12 15 16 17 | 17.2
Armour         | 1 2 4 8 9 |  9.5
Fighting       | 4 6 7 9 11 13 | 13.7
Invocations    | 1 6 8 10 13 | 13.6
Translocations | 5 |  5.8
Dodging        | 4 |  4.1
Throwing       | 5 |  5.2
Stealth        | |  1.5

Action                   |  1- 3 |  4- 6 |  7- 9 | 10-12 | 13-15 || total
-------------------------+-------+-------+-------+-------+-------++-------
Melee: Hand axe          |    18 |       |       |       |       ||    18
       War axe           |    85 |   141 |   231 |   550 |   651 ||  1658
       Flail             |       |       |       |    25 |       ||    25
       Dire flail        |       |       |       |       |     4 ||     4
Throw: Throwing net      |       |       |     1 |     2 |     2 ||     5
       Javelin           |       |       |       |     6 |       ||     6
 Cast: Repel Missiles    |       |       |       |     2 |     2 ||     4
       Blink             |       |       |       |     2 |     1 ||     3
Invok: Slouch            |       |       |       |     7 |     6 ||    13
       Temporal Distorti |       |       |       |       |     2 ||     2
       Step From Time    |       |       |       |       |     1 ||     1
Evoke: Wand              |       |       |       |     1 |     7 ||     8
  Use: Scroll            |     5 |     9 |     3 |    16 |    11 ||    44
       Potion            |       |       |     3 |     8 |     4 ||    15
 Stab: Sleeping          |       |     2 |     4 |     1 |       ||     7
       Distracted        |       |       |       |     1 |     2 ||     3
       Invisible         |       |       |       |    12 |     2 ||    14
  Eat: Chunk             |     1 |     4 |     3 |     8 |     5 ||    21
       Pizza             |     1 |       |     1 |     1 |     1 ||     4
       Fruit             |       |     1 |     1 |     5 |       ||     7
       Beef jerky        |       |       |       |     3 |       ||     3
       Bread ration      |       |       |       |     1 |     1 ||     2
Armor: Robe              |     4 |       |       |       |       ||     4
       Ring mail         |    46 |    50 |    71 |    48 |       ||   215
       Chain mail        |       |       |       |   200 |   258 ||   458
Dodge: Dodged            |    71 |    88 |   137 |   347 |   276 ||   919
       Deflected         |       |       |       |     1 |     5 ||     6
Block: Other             |       |       |       |    33 |    69 ||   102
       Reflection        |       |       |       |     2 |     4 ||     6
